 Dungeon Crawl Stone Soup version 0.21-a0-140-g479285b (webtiles) character file.

214 sscrono2 the Cutter (level 5, -1/34 HPs)
             Began as an Octopode Assassin on July 20, 2017.
             Succumbed to sscrono2's ghost's poison
             ... on level 3 of the Dungeon.
             The game lasted 00:03:38 (2272 turns).

sscrono2 the Cutter (Octopode Assassin)             Turns: 2272, Time: 00:03:39

Health: -1/34      AC:  1    Str: 11    XL:     5   Next: 91%
Magic:  5/5        EV: 13    Int: 13    God:
Gold:   147        SH:  0    Dex: 14    Spells: 4/4 levels left

rFire    . . .     SeeInvis .   a - +2 dagger
rCold    . . .     Gourm    .   (no shield)
rNeg     . . .     Faith    .   (helmet restricted)
rPois    .         Spirit   .   (no amulet)
rElec    .         Reflect  .   (no ring)
rCorr    .         Harm     .   (no ring)
MR       .....                  (no ring)
Stlth    ++++......             (no ring)
HPRegen  0.11/turn              (no ring)
MPRegen  0.09/turn              (no ring)
                                (no ring)
                                (no ring)

@: lethally poisoned (-1 -> -30), flying
A: almost no armour, stealthy swim, amphibious, 8 rings, constrict 8, camouflage
1, gelatinous body 1
a: no special abilities


You were on level 3 of the Dungeon.
You were not hungry.

You visited 1 branch of the dungeon, and saw 3 of its levels.

You collected 147 gold pieces.

Inventory:

Hand Weapons
 a - a +2 dagger (weapon)
 b - a +0 blowgun
Missiles
 d - 2 curare-tipped needles
 e - 33 poisoned needles
Wands
 c - a wand of polymorph (10/24)
Scrolls
 h - a scroll of fog {unknown}
 i - a scroll of immolation {unknown}
 j - a scroll of enchant weapon
 k - a scroll of enchant armour
 l - a scroll of blinking
 n - a scroll of remove curse
Potions
 m - a potion of magic
Comestibles
 f - 2 bread rations
 g - a meat ration


   Skills:
 - Level 2.0 Fighting
 + Level 5.9 Short Blades
 - Level 2.0 Throwing
 - Level 1.0 Dodging
 - Level 5.3 Stealth


You had 4 spell levels left.
You didn't know any spells.

Dungeon Overview and Level Annotations

Branches:
Dungeon (3/15)

Altars:
Makhleb

Annotations:
D:3 sscrono2's ghost, amateur OpAs


Innate Abilities, Weirdness & Mutations

You cannot wear most types of armour.
You are very stealthy in the water. (Stealth+)
You are amphibious.
You can wear up to eight rings at the same time.
You can use your tentacles to constrict eight enemies at once.
Your skin changes colour to match your surroundings (Stealth+).
Your rubbery body absorbs attacks. (AC +1, EV +1)


Message History

You hit Natasha.
Natasha is almost dead.
You constrict Natasha.
You kill Natasha!
Natasha yowls pathetically as she dies!
The shadow imp disappears in a puff of smoke!
Sscrono2's ghost hits you.
* * * LOW HITPOINT WARNING * * *
You are more poisoned.
It was a potion of flight.
You feel very buoyant.
You fly up into the air.
* * * LOW HITPOINT WARNING * * *
You feel sick. Sscrono2's ghost hits you.
* * * LOW HITPOINT WARNING * * *
You are more poisoned.
* * * LOW HITPOINT WARNING * * *
You feel very sick.
You see here the felid corpse of Natasha.
You die...

#......#
######.#
.# #.# .#
#.# .#
#.# .#
#.# ##.#
#.# #..
#.# #.#
.#
#######.#
#@# ..
#.......#
#†# .#
#.#######
##W##.#
#.#
#.§.#.#
#.#
#§....#
#.#
#.....#
#.#
####..#
#.# #..#
#.# #..#


You could see sscrono2's ghost.

Vanquished Creatures
  A hound (D:3)
  Ijyb (D:2)
  Natasha (D:3)
  3 gnolls (D:2)
  3 adders
  2 dart slugs
  A leopard gecko (D:1)
  7 bats
  A giant cockroach (D:2)
  10 goblins
  8 hobgoblins
  6 jackals (D:1)
  2 quokkas
  6 frilled lizards
  12 kobolds
  4 rats
68 creatures vanquished.

Notes
Turn   | Place    | Note
-------+----------+-------------------------------------------
     0 | D:1      | sscrono2 the Octopode Assassin began the quest for the Orb.
     0 | D:1      | Reached XP level 1. HP: 14/14 MP: 1/1
    55 | D:1      | Reached XP level 2. HP: 12/19 MP: 2/2
   587 | D:1      | Reached XP level 3. HP: 20/24 MP: 3/3
  1114 | D:2      | Reached XP level 4. HP: 19/29 MP: 4/4
  1339 | D:2      | Noticed Ijyb
  1405 | D:2      | Killed Ijyb
  1719 | D:2      | Reached skill level 5 in Short Blades
  1719 | D:2      | Reached XP level 5. HP: 34/34 MP: 5/5
  1838 | D:3      | Found a burning altar of Makhleb.
  2210 | D:3      | Noticed sscrono2's ghost (amateur OpAs)
  2258 | D:3      | Noticed Natasha
  2269 | D:3      | Killed Natasha
  2271 | D:3      | HP: 1/34 [poisoned by sscrono2's ghost]
  2272 | D:3      | Succumbed to sscrono2's ghost's poison

Vault maps used:
D:1:      nicolae_arrival_washed_ashore, grunt_decor_one_mirror
D:2:      kennysheep_the_goblin_king
D:3:      marbit_many_paths, minmay_item_behind_shaft, makhleb_heckhound_becter,
          uniq_natasha

Skill      XL: |  1  2  3  4 |
---------------+-------------+-----
Short Blades   | 3 4 5 |  5.9
Fighting       | |  2.0
Throwing       | |  2.0
Dodging        | |  1.0
Stealth        | |  5.3

Action                   |  1- 3 |  4- 6 || total
-------------------------+-------+-------++-------
Melee: Dagger            |    81 |    44 ||   125
       Constrict         |    17 |    12 ||    29
       Tentacles         |    16 |    12 ||    28
       Unarmed           |       |     6 ||     6
       Blowgun           |       |     1 ||     1
 Fire: Blowgun           |       |     8 ||     8
  Use: Scroll            |       |     6 ||     6
       Potion            |       |     1 ||     1
 Stab: Sleeping          |    10 |     7 ||    17
  Eat: Chunk             |     1 |     3 ||     4
Armor: Skin              |     4 |     2 ||     6
Dodge: Dodged            |    39 |    24 ||    63
